Map: [ESL] Tropical Sacrifice

Players

Reynor

  • Race: Zerg Zerg
  • Spawn Location: 7:00

Clem - Winner!

  • Race: Terran Terran
  • Spawn Location: 1:00

Event: DreamHack SC2 Masters 2022 Atlanta (Online)

VOD

Have the link to the VOD?

Description

Time

  • Played on: Oct. 16, 2022, 2:41 p.m.
  • Length: 21:19

All games in this series

Show
View Real Time Build Order
Export as new Build Order

Reynor Zerg 

Build Orders: Hatch First, Lurkers 

Get SALT Encoding   

  12  0:00  Drone  
  13  0:12  Overlord  
  13  0:17  Drone  
  14  0:31  Drone x2  
  16  0:49  Hatchery  
  15  0:52  Drone  
  15  0:55  Drone  
  17  0:59  Drone  
  18  1:10  Extractor  
  17  1:14  Spawning Pool  
  17  1:18  Drone  
  17  1:20  Drone  
  18  1:28  Drone  
  19  1:39  Drone  
  20  1:49  Overlord  
  20  2:01  Zergling x4, Queen x2  
  26  2:11  Drone  
  26  2:12  Drone  
  28  2:17  Metabolic Boost  
  28  2:21  Drone  
  28  2:22  Drone  
  30  2:36  Hatchery  
  29  2:39  Drone  
  29  2:41  Drone  
  31  2:45  Drone  
  31  2:47  Overlord  
  32  2:54  Drone  
  32  2:55  Drone  
  34  2:58  Queen  
  36  3:06  Drone x2  
  36  3:10  Overlord  
  36  3:11  Drone x2  
  40  3:17  Queen  
  42  3:20  Drone x2  
  44  3:29  Zergling x4  
  46  3:34  Queen  
  46  3:38  Drone  
  46  3:39  Overlord  
  49  3:48  Drone x2  
  50  3:50  Drone  
  50  3:52  Queen  
  54  3:59  Drone x2  
  54  4:00  Drone  
  56  4:05  Queen  
  56  4:08  Zergling x6  
  60  4:10  Drone  
  60  4:11  Lair  
  60  4:12  Drone  
  60  4:16  Overlord  
  62  4:20  Drone x2  
  64  4:25  Drone  
  65  4:31  Overlord  
  65  4:33  Queen, Extractor  
  65  4:34  Baneling Nest  
  65  4:36  Drone x5  
  70  4:41  Spore Crawler  
  70  4:42  Spore Crawler  
  70  4:43  Drone  
  70  4:44  Spore Crawler  
  68  4:47  Zergling x6  
  68  4:48  Zergling x2  
  68  4:52  Drone  
  73  4:54  Drone  
  73  4:56  Drone  
  73  4:59  Overlord  
  75  5:02  Zergling x2  
  75  5:03  Zergling x2  
  75  5:07  Drone x3  
  80  5:11  Spore Crawler, Drone  
  80  5:14  Drone  
  82  5:15  Overlord  
  82  5:19  Overseer  
  82  5:20  Overseer, Drone x2  
  84  5:23  Queen, Drone x3  
  84  5:25  Overlord  
  84  5:27  Drone  
  90  5:35  Drone  
  91  5:36  Drone  
  91  5:37  Drone  
  91  5:41  Zergling x2  
  94  5:43  Drone x3, Hatchery  
  94  5:44  Drone  
  94  5:47  Drone x2  
  94  5:48  Drone  
  94  5:49  Drone x3  
  103  5:55  Overlord  
  105  5:57  Drone  
  105  6:00  Drone  
  105  6:01  Extractor  
  105  6:02  Drone  
  105  6:03  Evolution Chamber x2  
  104  6:04  Drone  
  104  6:08  Overlord  
  104  6:10  Centrifugal Hooks, Hatchery, Extractor  
  103  6:14  Spore Crawler, Extractor  
  103  6:16  Spore Crawler, Drone x2, Extractor  
  100  6:20  Drone  
  100  6:22  Drone  
  98  6:26  Drone  
  98  6:31  Zergling x8  
  100  6:34  Zergling x2  
  97  6:41  Zergling x6  
  97  6:42  Zergling x2  
  97  6:44  Zergling x6  
  97  6:45  Evolution Chamber  
  98  6:48  Drone x2  
  98  6:50  Drone  
  98  6:54  Drone  
  102  6:55  Zerg Ground Armor Level 1, Zerg Melee Weapons Level 1  
  102  6:57  Drone  
  102  7:00  Drone  
  104  7:07  Drone x2  
  106  7:09  Hatchery  
  106  7:13  Spore Crawler  
  106  7:14  Zergling x2, Hydralisk Den  
  104  7:17  Zergling x2  
  104  7:18  Baneling x4  
  104  7:19  Baneling x2, Drone  
  106  7:23  Zergling x4  
  106  7:26  Baneling x7  
  106  7:27  Zergling x2  
  106  7:28  Queen  
  106  7:29  Drone  
  112  7:30  Spore Crawler  
  112  7:33  Overlord  
  112  7:34  Drone  
  112  7:38  Zergling x8  
  112  7:40  Zergling x4  
  112  7:41  Zergling x2  
  112  7:43  Drone  
  120  7:44  Overlord  
  120  7:47  Overlord  
  120  7:50  Drone x3  
  119  7:51  Drone  
  119  7:53  Muscular Augments  
  119  7:54  Drone x2  
  119  7:55  Spore Crawler  
  119  7:58  Zergling x2  
  121  8:02  Drone  
  122  8:05  Drone  
  122  8:07  Zergling x10  
  122  8:08  Zergling x6  
  122  8:12  Pneumatized Carapace  
  131  8:16  Zergling x2, Overlord  
  131  8:17  Zergling x6  
  135  8:28  Hydralisk x5  
  135  8:33  Hydralisk  
  144  8:34  Baneling x5  
  144  8:35  Baneling, Overlord  
  144  8:36  Hydralisk x3  
  144  8:41  Hydralisk  
  150  8:43  Baneling x7  
  150  8:44  Hydralisk x2, Overlord  
  150  8:46  Hydralisk  
  158  8:48  Overlord  
  158  8:52  Zergling x2, Hydralisk  
  157  8:57  Hydralisk  
  157  8:58  Zergling x10  
  150  9:03  Hydralisk  
  150  9:04  Zergling x2, Hydralisk  
  150  9:05  Zergling x2  
  155  9:10  Hydralisk x6  
  155  9:11  Zergling x4  
  155  9:15  Zergling x8  
  155  9:16  Zergling x2  
  173  9:21  Zergling x4  
  173  9:25  Overlord  
  173  9:29  Zergling x12  
  172  9:33  Zergling x12  
  172  9:36  Zerg Melee Weapons Level 2, Zerg Ground Armor Level 2  
  172  9:37  Drone  
  174  9:39  Extractor, Overlord  
  174  9:41  Queen  
  174  9:42  Hydralisk  
  174  9:45  Zergling x6  
  170  9:47  Zergling x4  
  170  9:48  Zergling x2  
  170  9:49  Hydralisk  
  170  9:51  Zergling x2  
  170  9:52  Zergling x6  
  172  9:55  Drone x2  
  172  9:57  Drone  
  172  9:58  Grooved Spines  
  173  10:00  Zergling x2  
  173  10:03  Zergling x2  
  173  10:04  Baneling x13  
  173  10:08  Zergling x10  
  173  10:11  Zergling x4  
  172  10:17  Zergling x4  
  172  10:21  Drone x3  
  175  10:23  Queen  
  175  10:24  Zergling x2  
  170  10:28  Zergling x2  
  170  10:30  Zergling x2, Hydralisk  
  170  10:33  Zergling x2  
  162  10:36  Hydralisk  
  162  10:37  Zergling x8, Queen  
  162  10:38  Zergling x6  
  162  10:41  Hydralisk  
  160  10:43  Overseer x2  
  160  10:44  Hydralisk  
  160  10:45  Zergling x2  
  160  10:47  Hydralisk  
  153  10:56  Hydralisk  
  152  10:57  Zergling x4  
  152  10:58  Zergling x2  
  152  11:00  Zergling x8, Hydralisk  
  152  11:03  Zergling x2  
  151  11:05  Zergling x4, Hydralisk  
  149  11:12  Baneling  
  149  11:13  Baneling x13  
  149  11:15  Drone x3  
  144  11:19  Zergling x18  
  144  11:24  Infestation Pit  
  144  11:25  Hydralisk  
  143  11:26  Zergling x4  
  143  11:27  Zergling x4, Hatchery  
  145  11:34  Zergling x2  
  145  11:35  Hydralisk  
  145  11:38  Zergling x4  
  148  11:43  Zergling x12, Lurker Den  
  153  11:47  Baneling x7  
  153  11:48  Baneling  
  153  11:50  Zergling x10  
  151  12:03  Zergling x18  
  151  12:07  Hatchery  
  145  12:11  Hive  
  145  12:14  Zergling x20  
  155  12:19  Baneling x8  
  155  12:20  Baneling  
  155  12:27  Zergling x10  
  155  12:28  Zergling x2  
  161  12:34  Baneling x10  
  161  12:41  Zergling x16  
  161  12:42  Zergling x2  
  170  12:44  Overlord  
  170  12:49  Lurker x3  
  166  12:58  Overlord  
  166  12:59  Hydralisk  
  166  13:00  Zergling x12  
  166  13:04  Hydralisk  
  166  13:05  Zergling x10  
  169  13:12  Zergling x4  
  167  13:14  Lurker x3  
  167  13:18  Hydralisk  
  167  13:19  Zergling x10  
  173  13:23  Zergling x6  
  165  13:27  Hydralisk x2  
  165  13:28  Zergling x6  
  172  13:34  Spore Crawler, Spine Crawler  
  172  13:40  Drone x5  
  175  13:43  Seismic Spines  
  175  13:45  Lurker  
  175  13:46  Lurker  
  174  13:55  Zergling x4  
  174  13:56  Zergling x12  
  174  13:59  Overlord  
  174  14:02  Overseer  
  173  14:05  Lurker x4  
  177  14:10  Zergling x2  
  177  14:11  Zergling x6  
  177  14:13  Overlord  
  181  14:18  Zergling x16  
  181  14:21  Hatchery  
  182  14:37  Hydralisk  
  182  14:38  Zergling x30  
  192  14:39  Overlord  
  192  14:43  Queen  
  181  14:55  Lurker x4  
  185  15:03  Zergling x22  
  185  15:04  Zergling x8  
  185  15:06  Hatchery  
  197  15:12  Baneling x4  
  197  15:13  Baneling x5  
  195  15:22  Overlord  
  185  15:32  Zergling x4, Hydralisk  
  185  15:33  Zergling x14  
  185  15:34  Zergling x4  
  187  15:40  Hydralisk  
  187  15:41  Zergling x18  
  179  15:46  Zergling x4, Hydralisk  
  179  15:48  Hydralisk  
  179  15:49  Zergling x2  
  169  15:53  Hydralisk  
  169  15:54  Hydralisk  
  169  15:56  Zergling x2  
  169  16:01  Hydralisk  
  169  16:02  Zergling x2  
  168  16:04  Hydralisk  
  168  16:05  Zergling x2  
  168  16:06  Hydralisk  
  168  16:08  Hydralisk x2  
  169  16:16  Lurker x3, Overseer  
  168  16:19  Zergling x8, Hydralisk  
  168  16:23  Queen  
  160  16:26  Hydralisk x2  
  160  16:32  Queen  
  165  16:34  Hydralisk x9  
  165  16:35  Zergling x2  
  181  16:40  Overlord  
  181  16:41  Overlord  
  178  16:52  Overlord  
  176  16:56  Viper x2  
  176  16:57  Viper  
  176  16:59  Zergling x8  
  180  17:07  Lurker x3  
  180  17:08  Lurker x3  
  185  17:12  Drone  
  185  17:13  Drone x5  
  188  17:15  Baneling x3  
  188  17:16  Baneling  
  188  17:18  Zergling x4  
  181  17:23  Zergling x10  
  184  17:33  Zergling x18  
  184  17:35  Lurker  
  194  17:37  Overlord  
  194  17:45  Adaptive Talons  
  194  17:49  Overlord  
  191  17:56  Drone x3, Hatchery  
  191  17:58  Zergling x16  
  188  18:13  Zergling x22  
  188  18:18  Hydralisk  
  188  18:19  Zergling x16  
  196  18:24  Overseer x2  
  181  18:27  Zergling x16  
  181  18:30  Hydralisk  
  181  18:31  Zergling x2  
  187  18:34  Zergling x8  
  187  18:37  Lurker x3  
  193  18:45  Lurker  
  193  18:47  Overlord  
  189  18:52  Baneling x5  
  189  18:53  Baneling x9  
  189  18:55  Overlord  
  189  19:06  Zergling x18, Hydralisk  
  189  19:09  Lurker x2  
  194  19:18  Hydralisk  
  194  19:19  Zergling x12  
  192  19:29  Zergling x10, Hydralisk  
  192  19:30  Zergling x10  
  190  19:34  Overlord  
  190  19:35  Baneling x8  
  190  19:36  Baneling  
  187  19:38  Overlord  
  177  19:47  Hydralisk  
  177  19:48  Zergling x10  
  177  19:49  Zergling x2  
  168  19:54  Zergling x6  
  168  19:55  Zergling x8  
  168  19:56  Hatchery  
  174  20:03  Overseer  
  174  20:04  Overseer, Hydralisk  
  174  20:05  Zergling x12  
  174  20:06  Zergling x2  
  168  20:13  Zergling x2, Hydralisk x3  
  168  20:14  Zergling x2  
  152  20:15  Zergling x2  
  143  20:24  Lurker x3  
  143  20:28  Viper  
  146  20:30  Zergling x10  
  146  20:34  Hydralisk, Extractor x2  
  146  20:35  Zergling x6  
  148  20:38  Zergling x4  
  148  20:40  Lurker x2  
  149  20:43  Zergling x16  
  149  20:44  Zergling x2  
  149  20:47  Zergling x4  
  153  20:55  Zergling x12  
  144  21:02  Zergling x2  
Show
View Real Time Build Order
Export as new Build Order

Clem Terran - Winner!

Build Orders: Reaper Expand, Hellion Banshee 

Get SALT Encoding   

  12  0:00  SCV  
  13  0:12  SCV  
  14  0:17  Supply Depot  
  14  0:24  SCV  
  15  0:39  SCV  
  15  0:40  Barracks  
  16  0:44  Refinery  
  16  0:51  SCV  
  17  1:03  SCV  
  18  1:15  SCV  
  19  1:27  Reaper, Orbital Command  
  20  1:41  Command Center  
  20  1:48  Supply Depot  
  20  1:53  SCV  
  21  1:59  Marine  
  22  2:05  SCV  
  23  2:12  Factory  
  23  2:17  SCV  
  23  2:22  Barracks Reactor  
  24  2:29  SCV  
  25  2:42  Command Center  
  25  2:43  SCV  
  26  2:53  Orbital Command  
  26  2:55  SCV  
  27  3:01  Starport  
  27  3:08  Refinery, SCV  
  28  3:13  Hellion  
  28  3:17  Hellion  
  33  3:20  SCV  
  33  3:21  SCV  
  33  3:24  Barracks Tech Lab  
  34  3:32  SCV  
  34  3:34  SCV, Hellion  
  36  3:39  Hellion  
  40  3:44  SCV  
  40  3:46  SCV, Banshee  
  45  3:51  Marine  
  46  3:56  SCV, Hellion  
  47  4:04  Orbital Command  
  47  4:08  SCV  
  48  4:10  SCV  
  48  4:14  Cloaking Field  
  49  4:20  SCV  
  49  4:22  SCV  
  51  4:26  Supply Depot  
  51  4:27  Hellion  
  51  4:30  Banshee  
  56  4:32  SCV  
  56  4:33  SCV  
  56  4:37  Hellion  
  56  4:38  SCV  
  61  4:44  Barracks  
  61  4:46  Barracks Tech Lab  
  61  4:48  SCV x2  
  61  4:50  Barracks  
  63  4:53  SCV  
  63  4:55  Supply Depot  
  63  4:59  Refinery  
  64  5:00  SCV  
  64  5:02  Orbital Command  
  64  5:05  SCV  
  66  5:07  Marine  
  66  5:08  Stimpack  
  66  5:12  SCV  
  68  5:17  SCV  
  68  5:18  Factory Reactor  
  68  5:19  Engineering Bay  
  68  5:20  Barracks x2  
  69  5:23  Engineering Bay  
  69  5:24  SCV  
  69  5:25  Supply Depot  
  69  5:27  SCV  
  71  5:29  SCV  
  71  5:32  Refinery  
  72  5:35  Marine  
  72  5:36  SCV  
  72  5:39  SCV, Marine x2  
  77  5:44  Starport Reactor  
  77  5:47  SCV  
  77  5:48  Supply Depot, SCV  
  79  5:52  Supply Depot, SCV, Terran Infantry Weapons Level 1  
  79  5:54  Terran Infantry Armor Level 1  
  80  5:59  SCV, Marine x3  
  80  6:01  SCV  
  85  6:10  Barracks Reactor x2, SCV, Marine x2  
  85  6:11  Supply Depot x2, SCV  
  89  6:15  SCV  
  89  6:17  Marine x2  
  92  6:18  Marine  
  92  6:22  SCV, Medivac x2  
  92  6:24  SCV  
  99  6:27  Marine  
  99  6:28  Factory Reactor  
  99  6:30  SCV  
  99  6:34  Marine  
  99  6:35  Refinery, SCV  
  99  6:36  Armory  
  99  6:39  Marine x2  
  95  6:40  SCV  
  95  6:41  Marine  
  95  6:42  SCV  
  95  6:45  Marine  
  95  6:46  Factory, Marine  
  95  6:47  SCV, Marine x3  
  96  6:52  SCV, Marine  
  96  6:55  SCV  
  96  6:56  Marine  
  96  6:57  Supply Depot, Marine  
  96  6:59  Combat Shield, Marine  
  96  7:00  SCV  
  100  7:03  Marine  
  100  7:05  Supply Depot  
  100  7:06  Marine x3  
  106  7:08  Widow Mine  
  106  7:09  Widow Mine  
  106  7:10  Medivac  
  106  7:12  Medivac  
  112  7:19  Marine x2  
  112  7:20  Supply Depot  
  112  7:21  Marine x2  
  116  7:22  Marine  
  116  7:26  Command Center  
  117  7:31  Factory Tech Lab  
  117  7:32  Bunker  
  117  7:33  Supply Depot  
  117  7:35  Marine  
  117  7:37  Widow Mine x2  
  122  7:40  Marine  
  122  7:41  Marine x7  
  130  7:44  Medivac  
  130  7:49  Widow Mine, Drilling Claws  
  124  7:53  Marine  
  124  7:55  Supply Depot  
  124  7:58  Widow Mine x2, Marine  
  129  7:59  Medivac, Marine  
  129  8:00  Marine x4  
  129  8:05  Terran Infantry Armor Level 2  
  137  8:07  Terran Infantry Weapons Level 2  
  137  8:09  Marine  
  138  8:13  Widow Mine  
  138  8:14  Medivac  
  138  8:17  Supply Depot, Marine  
  143  8:21  Widow Mine x2, Marine x2  
  143  8:24  Marine  
  143  8:25  Marine  
  143  8:26  Marine  
  144  8:35  Medivac, Widow Mine, Marine x2  
  144  8:38  Supply Depot  
  150  8:41  Marine x2  
  150  8:42  Widow Mine, Sensor Tower  
  150  8:43  Widow Mine  
  150  8:45  Marine x3  
  150  8:48  Medivac  
  161  8:53  Marine x2  
  159  8:56  Widow Mine  
  159  8:59  Marine x2  
  159  9:01  Marine  
  159  9:02  Marine  
  159  9:03  Marine  
  159  9:04  Widow Mine x2  
  159  9:06  Marine  
  155  9:14  Barracks x2  
  155  9:17  Barracks, Widow Mine, Marine  
  151  9:21  Marine  
  151  9:22  Planetary Fortress  
  151  9:23  SCV x2  
  157  9:25  SCV  
  157  9:27  Terran Vehicle And Ship Armor Level 1  
  157  9:28  Widow Mine  
  157  9:30  Marine  
  155  9:31  Widow Mine  
  155  9:32  Marine  
  155  9:33  Marine  
  155  9:34  Marine  
  155  9:36  SCV  
  155  9:41  Widow Mine, Marine  
  155  9:42  SCV  
  155  9:43  Marine  
  155  9:45  Marine  
  158  9:46  SCV  
  158  9:48  SCV  
  158  9:52  Widow Mine  
  158  9:59  Widow Mine, Marine x2  
  162  10:00  Marine x2  
  164  10:09  Widow Mine, Marine x2  
  164  10:11  Medivac  
  164  10:13  Widow Mine, Marine x2  
  171  10:14  Marine  
  171  10:16  Marine x2  
  171  10:19  SCV x2  
  171  10:20  Marine x2  
  171  10:21  Command Center  
  175  10:22  Hellion, SCV x2  
  175  10:23  Marine x3  
  175  10:27  Marine x2  
  177  10:31  SCV, Widow Mine  
  177  10:32  Marine  
  177  10:33  Marine x2  
  177  10:34  Widow Mine, Marine x2  
  178  10:38  Marine  
  178  10:41  Medivac, Marauder, Marine  
  178  10:42  SCV  
  180  10:43  Widow Mine  
  180  10:46  Medivac  
  180  10:51  SCV x2  
  180  10:52  Widow Mine, Marine x2  
  180  10:55  Barracks Tech Lab x3  
  180  10:56  Widow Mine  
  187  10:58  Marine  
  187  10:59  Marine  
  187  11:03  Terran Infantry Weapons Level 3, Marauder  
  180  11:05  Widow Mine  
  180  11:06  Marine x2  
  180  11:10  Medivac  
  180  11:13  Terran Infantry Armor Level 3, Widow Mine  
  180  11:15  Marauder x2, Marine x2  
  180  11:17  Marine  
  188  11:19  Widow Mine  
  188  11:22  Marauder  
  188  11:23  Medivac  
  188  11:28  Widow Mine  
  188  11:29  Marine x2  
  188  11:30  Marauder, Marine  
  188  11:31  Marine x2  
  187  11:35  Widow Mine  
  185  11:40  Widow Mine  
  185  11:42  Refinery x2, Command Center  
  185  11:43  Refinery  
  185  11:46  Marauder  
  189  11:49  Widow Mine  
  189  11:51  Missile Turret  
  170  11:56  Widow Mine, Marauder x2  
  170  11:57  Marine x3  
  170  11:58  Marine x3  
  170  11:59  Marine  
  181  12:02  Widow Mine  
  181  12:07  Marauder x2, Marine  
  168  12:10  Medivac x2  
  168  12:11  Widow Mine  
  168  12:14  Planetary Fortress  
  170  12:18  Widow Mine  
  170  12:22  Marine x5  
  173  12:23  SCV, Widow Mine, Marine x2  
  173  12:26  Concussive Shells  
  182  12:32  Missile Turret, Widow Mine  
  186  12:38  Refinery  
  186  12:39  Refinery, Widow Mine  
  186  12:45  Widow Mine  
  186  12:47  Terran Vehicle And Ship Armor Level 2  
  186  12:49  Sensor Tower  
  186  12:50  Ghost Academy, Missile Turret  
  186  12:51  Marauder  
  190  12:54  Widow Mine  
  190  12:56  Marine  
  182  13:00  Widow Mine, Marine  
  180  13:06  Widow Mine  
  180  13:09  Marauder x3, Marine x3  
  180  13:12  Marauder  
  189  13:14  Viking, Missile Turret  
  189  13:15  Widow Mine  
  189  13:22  Liberator, Widow Mine  
  189  13:26  Marine  
  176  13:27  Widow Mine  
  176  13:29  Ghost x3  
  176  13:33  Ghost  
  184  13:36  Widow Mine  
  182  13:43  Widow Mine  
  182  13:44  Medivac  
  182  13:47  Planetary Fortress  
  186  13:49  Widow Mine  
  186  13:51  Marine x4  
  188  13:58  Widow Mine, Ghost x3  
  188  14:00  Marine  
  188  14:02  Marauder  
  190  14:04  Widow Mine  
  190  14:05  Medivac  
  190  14:08  Sensor Tower  
  192  14:10  Missile Turret  
  192  14:14  Liberator, Widow Mine  
  197  14:23  Ghost  
  197  14:26  Widow Mine  
  197  14:28  Marine  
  193  14:32  Refinery  
  193  14:33  Command Center  
  193  14:34  Refinery  
  190  14:43  Widow Mine, Ghost x2  
  190  14:44  Command Center  
  172  14:53  Missile Turret, Marauder, Ghost  
  172  14:55  Marine  
  172  14:56  Marine x2  
  173  15:06  Medivac x2  
  177  15:07  Marine  
  177  15:08  Marine  
  177  15:10  Widow Mine  
  177  15:12  Ghost x2  
  185  15:15  Widow Mine x2  
  185  15:18  Marine x2  
  185  15:19  Marine  
  190  15:24  SCV  
  190  15:25  SCV  
  190  15:28  SCV, Ghost  
  190  15:32  Widow Mine  
  191  15:36  Medivac, Widow Mine  
  191  15:37  Ghost  
  191  15:38  SCV  
  191  15:39  SCV x2  
  191  15:40  Widow Mine  
  191  15:41  Marine x2  
  198  15:46  Marine x2  
  198  15:47  Command Center, Marine  
  198  15:48  Personal Cloaking  
  189  15:52  Marine  
  189  15:53  Widow Mine, Marine x2  
  189  15:55  SCV  
  190  15:58  Widow Mine  
  190  16:00  Marine  
  190  16:02  Widow Mine  
  193  16:04  Missile Turret  
  193  16:08  Marine x2  
  193  16:11  Marine x3  
  195  16:14  Widow Mine  
  198  16:19  Widow Mine  
  198  16:26  Ghost  
  194  16:36  Ghost  
  195  16:43  Missile Turret, Ghost  
  195  16:46  Liberator, Widow Mine  
  200  16:47  Missile Turret, Sensor Tower  
  197  17:03  Starport  
  197  17:04  Fusion Core  
  197  17:05  Neosteel Armor  
  197  17:08  Command Center  
  197  17:13  Liberator  
  200  17:22  Command Center  
  200  17:23  Missile Turret  
  200  17:30  Planetary Fortress  
  200  17:32  Orbital Command  
  200  17:37  Command Center  
  195  17:55  Liberator  
  197  18:00  Missile Turret  
  197  18:02  Liberator, Command Center x2  
  200  18:12  Widow Mine  
  197  18:14  Marine, Ghost  
  188  18:31  Orbital Command  
  188  18:34  Ghost x2  
  188  18:35  Marine x4  
  188  18:38  Liberator  
  188  18:40  Advanced Ballistics  
  197  18:42  Starport Reactor  
  197  18:45  Liberator  
  197  18:46  Missile Turret  
  198  18:51  Orbital Command  
  198  18:54  SCV  
  200  18:56  Orbital Command  
  200  18:57  Command Center, Missile Turret  
  200  18:58  SCV  
  200  19:03  Sensor Tower  
  195  19:15  Planetary Fortress  
  195  19:21  Liberator  
  192  19:24  Liberator  
  192  19:28  Liberator x2  
  192  19:30  Widow Mine, Ghost  
  196  19:43  Marine, Ghost  
  193  19:48  Marine  
  193  19:49  Marine  
  186  19:59  SCV x2  
  186  20:00  Marine x2  
  186  20:04  Liberator  
  189  20:07  Liberator, Ghost  
  189  20:09  Ghost  
  189  20:10  Liberator  
  189  20:11  Liberator  
  200  20:17  Ghost  
  200  20:18  Marine x2  
  196  20:23  Orbital Command x2  
  196  20:25  Marine x2, Ghost  
  198  20:43  Ghost  
Tags
 
Add a new tag
Caveats
  • Supply blocks, unpowered buildings, or Contaminate may cause inaccurate times.
  • Supply counts are checked every 10 seconds.